 Dungeon Sprint DCSS version 0.02-122-g12e50fee3c (webtiles) character file.

Game seed: 9124940993709127232, levelgen mode: deterministic

165 lorenzova the Thaumaturge (level 5, -9/28 HPs) Deep Elf Fire Elementalist. Began on Oct 7, 2020. Mangled by Sigmund ... wielding a +0 scythe (16 damage) ... in the Dungeon (Sprint I: "Red Sonja"). The game lasted 00:01:10 (290 turns).

lorenzova the Thaumaturge (DEFE)                     Turns: 290, Time: 00:01:11

Health: -9/28      AC:  2    Str:  5    XL:     5 ^: 143
Magic:  11/19      EV: 13    Int: 21    God:
Gold:   54         SH:  0    Dex: 15    Spells: 14/24 levels left

rFire    . . .     Vision   .   (no weapon)
rCold    . . .     Gourm    .   (no weapon)
rNeg     . . .     Faith    .   a - +0 robe
rPois    .         Spirit   .   (no helmet)
rElec    .         Reflect  .   (no cloak)
rCorr    .         Harm     .   (no gloves)
MR       .....     NoTele   +   (no boots)
Stlth    ++........             (no amulet)
HPRegen  0.19/turn              (no ring)
MPRegen  0.29/turn              (no ring)

@: no status effects
A: no striking features
a: no special abilities


You were in the Dungeon.
You were not hungry.

You visited 1 branch You collected 54 gold pieces.

Inventory:

Armour
 a - a +0 robe (worn)
Wands
 b - a wand of ensnaring (2)
Scrolls
 i - a scroll of blinking
Potions
 d - a potion of curing
 e - a potion of heal wounds
 f - a potion of haste
 g - 2 potions of magic
 h - a potion of berserk rage
Comestibles
 c - a ration


   Skills:
 - Level 2.4 Dodging
 - Level 2.4 Stealth
 + Level 10.2 Spellcasting
 + Level 8.9 Fire Magic


You had 14 spell levels left.
You knew the following spells:

 Your Spells              Type           Power        Failure   Level  Hunger
a - Foxfire               Fire           25 (25)      1%          1    None
b - Searing Ray           Fire           48 (50)      1%          2    None
c - Conjure Flame         Fire           48 (100)     1%          3    None
d - Sticky Flame          Fire/Pois      29 (100)     10%         4    ##.....

Your spell library contained the following spells:

 Spells                   Type           Power        Failure   Level  Hunger
 Inner Flame              Hex/Fire       29 (100)     3%          3    None
 Fireball                 Fire           48 (200)     4%          5    ####...


Dungeon Overview and Level Annotations

Branches:
Dungeon (1/1)

Altars:

Annotations:
D Sigmund


Message History

(Press . to maintain the ray.) Sigmund casts a spell.
Sigmund flickers and vanishes!
Deactivating autopickup; reactivate with Ctrl-A.
The searing ray hits something (6).
Something hits you (22)!!
Ouch! That really hurt!
* * * LOW HITPOINT WARNING * * *
Casting: Searing Ray (safe; 1% risk of failure)
Confirm with . or Enter, or press ? or * to list all spells.
You can't see any susceptible monsters within range! (Use Z to cast anyway.)
Casting: Searing Ray (safe; 1% risk of failure)
Confirm with . or Enter, or press ? or * to list all spells.
Aiming: Searing Ray (safe; 1% risk of failure)
Press: ? - help, Shift-Dir - straight line The searing ray hits something (3). (Press . to maintain the ray.)
Something hits you (16)!
Ouch! That really hurt!
You die...

########## ##
#<.#..').#..+
#..÷..#.@§{.#
#..#####'####
#..# #..#
#..# ####
#..# #⌠⌠#
####


There were no monsters in sight!

Vanquished Creatures
  Ijyb (D)
  An ogre (D)
2 creatures vanquished.

Vanquished Creatures (others)
  12 foxfires (D)
12 creatures vanquished.

Grand Total: 14 creatures vanquished

Notes
Turn   | Place    | Note
-------+----------+-------------------------------------------
     0 | D        | lorenzova the Deep Elf Fire Elementalist began the quest
                  | for the Orb.
     0 | D        | Reached XP level 1. HP: 10/10 MP: 6/6
     1 | D        | Noticed Ijyb
    13 | D        | Killed Ijyb
    13 | D        | Reached skill level 8 in Spellcasting
    13 | D        | Reached XP level 2. HP: 7/15 MP: 1/13
    13 | D        | Reached XP level 3. HP: 9/19 MP: 1/14
    13 | D        | Reached XP level 4. HP: 11/24 MP: 1/16
    92 | D        | Learned a level 2 spell: Searing Ray
    96 | D        | Learned a level 3 spell: Conjure Flame
   101 | D        | Learned a level 4 spell: Sticky Flame
   218 | D        | Noticed an ogre
   225 | D        | Killed an ogre
   225 | D        | Reached skill level 10 in Spellcasting
   225 | D        | Reached XP level 5. HP: 28/28 MP: 5/19
   284 | D        | Noticed Sigmund
   290 | D        | Mangled by Sigmund

Levels and vault maps discovered:
D:        dungeon_sprint_1 [red_sonja_temple_1, red_sonja_temple_small_1]

Skill      XL: |  1  2  3  4 |
---------------+-------------+-----
Spellcasting   | 8 10 | 10.2
Fire Magic     | 7 8 |  8.9
Dodging        | |  2.4
Stealth        | |  2.4

Action                   |  1- 3 |  4- 6 || total
-------------------------+-------+-------++-------
 Cast: Foxfire           |     6 |       ||     6
       Searing Ray       |       |     5 ||     5
       Conjure Flame     |       |     3 ||     3
Dodge: Dodged            |     4 |       ||     4
